| TOP OF THE 1ST |
|
Seattle Mariners batting - Pitching for Texas Rangers : RHP Kevin Ovens-Toots
|
|
Pitching: RHP Kevin Ovens-Toots
|
|
|
Batting: LHB Dae-ik Yoon
|
0-0: Called Strike 0-1: Ball 1-1: Foul Ball, location: 2F 1-2: Ground out 4-3 (Groundball, 4, EV 86.2 MPH)
|
|
Batting: RHB Jose Vasquez
|
0-0: Swinging Strike 0-1: Ball 1-1: Foul Ball, location: 2F 1-2: Fly out, F8 (Line Drive, 8LM, EV 98.1 MPH)
|
|
Batting: SHB Floyd-William Goof
|
0-0: Called Strike 0-1: Ball SINGLE, rundown, safe at 1st
|
|
Batting: RHB Steve Jordan
|
0-0: Called Strike 0-1: Ball 1-1: Foul Ball, location: 2F 1-2: Ball Floyd-William Goof is caught stealing 2nd base 2-4
|
| Top of the 1st over - 0 runs, 1 hit, 0 errors, 0 left on base; Seattle 0 - Texas 0 |
| BOTTOM OF THE 1ST |
|
Texas Rangers batting - Pitching for Seattle Mariners : LHP Larry Tuckfard
|
|
Pitching: LHP Larry Tuckfard
|
|
|
Batting: LHB Sean Geisler
|
0-0: Ball 1-0: Fly out, F9 (Flyball, 9LM, EV 91.2 MPH)
|
|
Batting: RHB Marc Peckermark
|
0-0: Called Strike 0-1: Ball 1-1: Swinging Strike 1-2: Ball 2-2: SINGLE (Line Drive, 8RS, EV 88.8 MPH)
|
|
Batting: SHB Addick de Vries
|
0-0: Called Strike 0-1: Ball 1-1: Foul Ball, location: 2F 1-2: Foul Ball, location: 2F 1-2: Ball 2-2: Ball 3-2: 2-RUN HOME RUN (Line Drive, 78XD, EV 105.0 MPH), Distance : 403 ft
|
|
Batting: RHB Blake Ballard
|
0-0: Ball 1-0: Foul Ball, location: 2F 1-1: Foul Ball, location: 2F 1-2: Strikes out swinging
|
|
Batting: RHB Butch Kaiser
|
0-0: Fly out, F8 (Flyball, 8LM, EV 86.9 MPH)
|
| Bottom of the 1st over - 2 runs, 2 hits, 0 errors, 0 left on base; Seattle 0 - Texas 2 |
| TOP OF THE 2ND |
|
Seattle Mariners batting - Pitching for Texas Rangers : RHP Kevin Ovens-Toots
|
|
Batting: RHB Steve Jordan
|
0-0: Ball 1-0: Ground out U3 (Groundball, 34, EV 88.1 MPH)
|
|
Batting: RHB Pavpv Ivanushkin
|
0-0: Ball 1-0: Foul Ball, location: 2F 1-1: Ball 2-1: Ground out 5-3 (Groundball, 5, EV 103.8 MPH)
|
|
Batting: RHB Jimmy Hammertime
|
0-0: Called Strike 0-1: Swinging Strike 0-2: Strikes out looking
|
| Top of the 2nd over - 0 runs, 0 hits, 0 errors, 0 left on base; Seattle 0 - Texas 2 |
| BOTTOM OF THE 2ND |
|
Texas Rangers batting - Pitching for Seattle Mariners : LHP Larry Tuckfard
|
|
Batting: SHB Vince Ealy
|
0-0: Foul Ball, location: 2F 0-1: Ball 1-1: Swinging Strike 1-2: Ball 2-2: Strikes out swinging
|
|
Batting: RHB Zhao-ji Chi
|
0-0: Ball 1-0: Called Strike 1-1: Ball 2-1: DOUBLE (Groundball, 3L, EV 103.8 MPH)
|
|
Batting: RHB Chris Torlak
|
0-0: Ball 1-0: Foul Ball, location: 2F 1-1: Ball 2-1: Swinging Strike 2-2: Foul Ball, location: 2F 2-2: Ground out 5-3 (Groundball, 56S, EV 80.6 MPH)
|
|
Batting: SHB Alvare Bairro
|
0-0: Ground out 4-3 (Groundball, 4, EV 88.8 MPH)
|
| Bottom of the 2nd over - 0 runs, 1 hit, 0 errors, 1 left on base; Seattle 0 - Texas 2 |
| TOP OF THE 3RD |
|
Seattle Mariners batting - Pitching for Texas Rangers : RHP Kevin Ovens-Toots
|
|
Batting: RHB Corey Ottinger
|
0-0: Called Strike 0-1: Ball 1-1: Swinging Strike 1-2: Foul Ball, location: 2F 1-2: Strikes out looking
|
|
Batting: RHB Young-kwang Ohnn
|
0-0: Foul Ball, location: 2F 0-1: DOUBLE (Line Drive, 7LS, EV 110.0 MPH)
|
|
Batting: RHB Malik Brookshire
|
0-0: Swinging Strike 0-1: Called Strike 0-2: Foul Ball, location: 2F 0-2: Strikes out swinging
|
|
Batting: LHB Dae-ik Yoon
|
0-0: DOUBLE (Line Drive, 7LM, EV 89.4 MPH) Young-kwang Ohnn scores
|
|
Batting: RHB Jose Vasquez
|
0-0: Called Strike 0-1: Ball 1-1: Ball 2-1: Ground out 6-3 (Groundball, 6MD, EV 90.0 MPH)
|
| Top of the 3rd over - 1 run, 2 hits, 0 errors, 1 left on base; Seattle 1 - Texas 2 |
| BOTTOM OF THE 3RD |
|
Texas Rangers batting - Pitching for Seattle Mariners : LHP Larry Tuckfard
|
|
Batting: LHB Sean Geisler
|
0-0: Ball 1-0: Swinging Strike 1-1: Ball 2-1: Foul Ball, location: 2F 2-2: SINGLE (Groundball, 6MS, EV 70.6 MPH) (infield hit)
|
|
Batting: RHB Marc Peckermark
|
0-0: Ball 1-0: Fly out, F8 (Flyball, 8RM, EV 93.8 MPH)
|
|
Batting: SHB Addick de Vries
|
0-0: Ball 1-0: Ball 2-0: Foul Ball, location: 2F 2-1: 2-RUN HOME RUN (Flyball, 7D, EV 97.5 MPH), Distance : 370 ft
|
|
Batting: RHB Blake Ballard
|
0-0: Called Strike 0-1: Ball 1-1: Foul Ball, location: 2F 1-2: Foul Ball, location: 2F 1-2: Strikes out swinging
|
|
Batting: RHB Butch Kaiser
|
0-0: Ball 1-0: Swinging Strike 1-1: Ball 2-1: Called Strike 2-2: Strikes out swinging
|
| Bottom of the 3rd over - 2 runs, 2 hits, 0 errors, 0 left on base; Seattle 1 - Texas 4 |
| TOP OF THE 4TH |
|
Seattle Mariners batting - Pitching for Texas Rangers : RHP Kevin Ovens-Toots
|
|
Batting: SHB Floyd-William Goof
|
0-0: Fly out, F9 (Flyball, 9, EV 88.1 MPH)
|
|
Batting: RHB Steve Jordan
|
0-0: Called Strike 0-1: Ball 1-1: Foul Ball, location: 2F 1-2: Fly out, F8 (Flyball, 8RM, EV 74.4 MPH)
|
|
Batting: RHB Pavpv Ivanushkin
|
0-0: Called Strike 0-1: Ball 1-1: Ball 2-1: SINGLE (Groundball, 5D, EV 98.1 MPH)
|
|
Batting: RHB Jimmy Hammertime
|
0-0: Ball 1-0: Ball 2-0: Foul Ball, location: 2F 2-1: Foul Ball, location: 2F 2-2: Ball 3-2: Foul Ball, location: 2F 3-2: Fly out, F8 (Flyball, 8LD, EV 93.1 MPH)
|
| Top of the 4th over - 0 runs, 1 hit, 0 errors, 1 left on base; Seattle 1 - Texas 4 |
| BOTTOM OF THE 4TH |
|
Texas Rangers batting - Pitching for Seattle Mariners : LHP Larry Tuckfard
|
|
Batting: SHB Vince Ealy
|
0-0: Fly out, F7 (Flyball, 78M, EV 88.1 MPH)
|
|
Batting: RHB Zhao-ji Chi
|
0-0: Called Strike 0-1: DOUBLE (Groundball, 5L, EV 100.6 MPH)
|
|
Batting: RHB Chris Torlak
|
0-0: Called Strike 0-1: Ball 1-1: Ball 2-1: Ball 3-1: Ground out 4-3 (Groundball, 4, EV 80.6 MPH) Zhao-ji Chi to third
|
|
Batting: SHB Alvare Bairro
|
0-0: Ball 1-0: Called Strike 1-1: Ball 2-1: Foul Ball, location: 2F 2-2: Foul Ball, location: 2F 2-2: Strikes out swinging
|
| Bottom of the 4th over - 0 runs, 1 hit, 0 errors, 1 left on base; Seattle 1 - Texas 4 |
| TOP OF THE 5TH |
|
Seattle Mariners batting - Pitching for Texas Rangers : RHP Kevin Ovens-Toots
|
|
Batting: RHB Corey Ottinger
|
0-0: Fly out, F1 (Popup, P, EV 90.6 MPH)
|
|
Batting: RHB Young-kwang Ohnn
|
0-0: SINGLE (Groundball, 56S, EV 66.2 MPH) (infield hit)
|
|
Batting: RHB Malik Brookshire
|
0-0: Fly out, F9 (Flyball, 89M, EV 93.1 MPH)
|
|
Batting: LHB Dae-ik Yoon
|
0-0: Ball 1-0: Ball 2-0: Called Strike 2-1: Ball 3-1: Base on Balls Young-kwang Ohnn to second
|
|
Batting: RHB Jose Vasquez
|
0-0: Ball 1-0: Reached on error, E3 (Groundball, 34, EV 85.0 MPH) Young-kwang Ohnn to third Dae-ik Yoon to second
|
|
Batting: SHB Floyd-William Goof
|
0-0: Called Strike 0-1: Ball 1-1: Ground out 5-3 (Groundball, 5S, EV 81.9 MPH)
|
| Top of the 5th over - 0 runs, 1 hit, 1 error, 3 left on base; Seattle 1 - Texas 4 |
| BOTTOM OF THE 5TH |
|
Texas Rangers batting - Pitching for Seattle Mariners : LHP Larry Tuckfard
|
|
Batting: LHB Sean Geisler
|
0-0: Foul Ball, location: 2F 0-1: Ball 1-1: Ball 2-1: Fly out, F9 (Flyball, 9D, EV 105.6 MPH)
|
|
Batting: RHB Marc Peckermark
|
0-0: Swinging Strike 0-1: Ball 1-1: Foul Ball, location: 2F 1-2: Ball 2-2: Ball 3-2: Fly out, F8 (Flyball, 8LD, EV 82.5 MPH)
|
|
Batting: SHB Addick de Vries
|
0-0: Ground out 4-3 (Groundball, 34D, EV 100.0 MPH)
|
| Bottom of the 5th over - 0 runs, 0 hits, 0 errors, 0 left on base; Seattle 1 - Texas 4 |
| TOP OF THE 6TH |
|
Seattle Mariners batting - Pitching for Texas Rangers : RHP Kevin Ovens-Toots
|
|
Batting: RHB Steve Jordan
|
0-0: Ball 1-0: Ball 2-0: Foul Ball, location: 2F 2-1: Ball 3-1: Base on Balls
|
|
Batting: RHB Pavpv Ivanushkin
|
0-0: Fly out, F8 (Flyball, 8RD, EV 99.4 MPH)
|
|
Batting: RHB Jimmy Hammertime
|
0-0: Called Strike 0-1: Foul Ball, location: 2F 0-2: Foul Ball, location: 2F 0-2: Foul Ball, location: 2F 0-2: Ball 1-2: Ball 2-2: Strikes out swinging
|
|
Batting: RHB Corey Ottinger
|
0-0: Ball 1-0: Ball 2-0: Fielders Choice at 2nd, 6-4 (Groundball, 56D, EV 86.2 MPH)
|
| Top of the 6th over - 0 runs, 0 hits, 0 errors, 1 left on base; Seattle 1 - Texas 4 |
| BOTTOM OF THE 6TH |
|
Texas Rangers batting - Pitching for Seattle Mariners : LHP Larry Tuckfard
|
|
Batting: RHB Blake Ballard
|
0-0: Ball 1-0: Ball 2-0: Ball 3-0: Called Strike 3-1: Called Strike 3-2: SINGLE (Groundball, 56, EV 95.0 MPH)
|
|
Batting: RHB Butch Kaiser
|
0-0: SINGLE (Groundball, 6D, EV 96.9 MPH) Blake Ballard to second
|
|
Batting: SHB Vince Ealy
|
0-0: Swinging Strike 0-1: Ball 1-1: Called Strike 1-2: Ball 2-2: Foul Ball, location: 2F 2-2: Ball Passed Ball! Blake Ballard to third Butch Kaiser to second 3-2: Foul Ball, location: 2F 3-2: Strikes out looking
|
|
Batting: RHB Zhao-ji Chi
|
0-0: Called Strike 0-1: Foul Ball, location: 2F 0-2: Ball 1-2: Ball 2-2: Strikes out swinging
|
|
Batting: RHB Chris Torlak
|
0-0: Ball 1-0: Called Strike 1-1: Swinging Strike 1-2: Ball 2-2: Strikes out swinging
|
| Bottom of the 6th over - 0 runs, 2 hits, 0 errors, 2 left on base; Seattle 1 - Texas 4 |
| TOP OF THE 7TH |
|
Seattle Mariners batting - Pitching for Texas Rangers : RHP Kevin Ovens-Toots
|
|
Batting: RHB Young-kwang Ohnn
|
0-0: Ball 1-0: Called Strike 1-1: Called Strike 1-2: Strikes out swinging
|
|
Batting: RHB Malik Brookshire
|
0-0: Swinging Strike 0-1: DOUBLE (Line Drive, 3D, EV 98.8 MPH)
|
|
Batting: LHB Dae-ik Yoon
|
0-0: Ball 1-0: Foul Ball, location: 2F 1-1: Ball 2-1: SINGLE (Groundball, 56D, EV 107.5 MPH) (infield hit) Malik Brookshire to third
|
|
Batting: RHB Jose Vasquez
|
0-0: Called Strike 0-1: Ball 1-1: Foul Ball, location: 2F 1-2: Ball 2-2: Ball 3-2: Foul Ball, location: 2F 3-2: Base on Balls Dae-ik Yoon to second
|
|
Batting: SHB Floyd-William Goof
|
0-0: TRIPLE (Flyball, 78XD, EV 87.5 MPH) Malik Brookshire scores Dae-ik Yoon scores Jose Vasquez scores
|
|
Batting: RHB Steve Jordan
|
0-0: Intentional Walk
|
|
Batting: RHB Pavpv Ivanushkin
|
0-0: Ground out 5-3 (Groundball, 56S, EV 93.1 MPH) Steve Jordan to second
|
|
Batting: RHB Jimmy Hammertime
|
0-0: Called Strike 0-1: Ball 1-1: Ball 2-1: Called Strike 2-2: DOUBLE (Line Drive, 89D, EV 106.9 MPH) Floyd-William Goof scores Steve Jordan scores
|
|
Pitching: RHP Larry Legros
|
|
|
Batting: RHB Corey Ottinger
|
0-0: Ball 1-0: Called Strike 1-1: Swinging Strike 1-2: Fly out, F7 (Flyball, 78M, EV 91.9 MPH)
|
| Top of the 7th over - 5 runs, 4 hits, 0 errors, 1 left on base; Seattle 6 - Texas 4 |
| BOTTOM OF THE 7TH |
|
Texas Rangers batting - Pitching for Seattle Mariners : LHP Larry Tuckfard
|
|
Pitching: RHP Omar Colunga
|
|
|
Batting: SHB Alvare Bairro
|
0-0: Swinging Strike 0-1: Ball 1-1: Foul Ball, location: 2F 1-2: Ball 2-2: Ball 3-2: Base on Balls
|
|
Batting: LHB Sean Geisler
|
0-0: Ball 1-0: Ball 2-0: Ball 3-0: Called Strike 3-1: Ball Alvare Bairro to second
|
|
Batting: RHB Marc Peckermark
|
0-0: Ball 1-0: Ball 2-0: Sac Bunt to 25 - play at first, batter safe! Alvare Bairro to third Sean Geisler to second
|
|
Batting: SHB Addick de Vries
|
0-0: Ball 1-0: Foul Ball, location: 2F 1-1: Foul Ball, location: 2F 1-2: Ball 2-2: Strikes out swinging
|
|
Batting: RHB Blake Ballard
|
0-0: Foul Ball, location: 2F 0-1: Ball 1-1: Called Strike 1-2: Ball 2-2: Foul Ball, location: 2F 2-2: Ball 3-2: Base on Balls Alvare Bairro scores Sean Geisler to third Marc Peckermark to second
|
|
Batting: RHB Butch Kaiser
|
0-0: Ball 1-0: Ball 2-0: Fly out, F9 (Flyball, 9D, EV 90.0 MPH) Runner from 3rd tags up, SCORES, no throw by RF Marc Peckermark to third
|
|
Batting: SHB Vince Ealy
|
0-0: Fly out, F7 (Flyball, 7D, EV 91.2 MPH)
|
| Bottom of the 7th over - 2 runs, 1 hit, 0 errors, 2 left on base; Seattle 6 - Texas 6 |
| TOP OF THE 8TH |
|
Seattle Mariners batting - Pitching for Texas Rangers : RHP Larry Legros
|
|
Batting: RHB Young-kwang Ohnn
|
0-0: Called Strike 0-1: Foul Ball, location: 2F 0-2: SINGLE (Groundball, 56S, EV 68.8 MPH) (infield hit)
|
|
Batting: RHB Malik Brookshire
|
0-0: Swinging Strike 0-1: Ball 1-1: Foul Ball, location: 2F 1-2: Ball 2-2: Ball 3-2: Foul Ball, location: 2F 3-2: Ground out 5-3 (Groundball, 56S, EV 61.2 MPH) Young-kwang Ohnn to second
|
|
Batting: LHB Dae-ik Yoon
|
0-0: Intentional Walk
|
|
Batting: RHB Jose Vasquez
|
0-0: Ball 1-0: Foul Ball, location: 2F 1-1: Ball Wild Pitch! Young-kwang Ohnn to third Dae-ik Yoon to second 2-1: Ball 3-1: Swinging Strike 3-2: Foul Ball, location: 2F 3-2: Base on Balls
|
|
Batting: SHB Floyd-William Goof
|
0-0: Ball 1-0: Foul Ball, location: 2F 1-1: Ball 2-1: Swinging Strike 2-2: Strikes out swinging
|
|
Batting: RHB Steve Jordan
|
0-0: Called Strike 0-1: Foul Ball, location: 2F 0-2: Strikes out swinging
|
| Top of the 8th over - 0 runs, 1 hit, 0 errors, 3 left on base; Seattle 6 - Texas 6 |
| BOTTOM OF THE 8TH |
|
Texas Rangers batting - Pitching for Seattle Mariners : RHP Omar Colunga
|
|
Pitching: LHP Lance Crumpton
|
|
|
Batting: RHB Zhao-ji Chi
|
0-0: Called Strike 0-1: Foul Ball, location: 2F 0-2: Foul Ball, location: 2F 0-2: Ground out 3-1 (Groundball, 34S, EV 78.8 MPH)
|
|
Pitching: RHP William de Jesus
|
|
|
Pinch Hitting: LHB Zion Davidson
|
0-0: Foul Ball, location: 2F 0-1: Ground out 5-3 (Groundball, 56, EV 85.0 MPH)
|
|
Batting: SHB Alvare Bairro
|
0-0: Ball 1-0: Called Strike 1-1: Ground out 6-3 (Groundball, 6, EV 81.2 MPH)
|
| Bottom of the 8th over - 0 runs, 0 hits, 0 errors, 0 left on base; Seattle 6 - Texas 6 |
| TOP OF THE 9TH |
|
Seattle Mariners batting - Pitching for Texas Rangers : RHP Larry Legros
|
|
Now at 3B: Ray Llewellyn
|
|
|
Batting: RHB Pavpv Ivanushkin
|
0-0: Called Strike 0-1: Swinging Strike 0-2: Ball 1-2: Ball 2-2: Ground out 1-3 (Groundball, 13S, EV 73.1 MPH)
|
|
Batting: RHB Jimmy Hammertime
|
0-0: Called Strike 0-1: Ball 1-1: Ball 2-1: Ball 3-1: Called Strike 3-2: SOLO HOME RUN (Flyball, 7LD, EV 90.0 MPH), Distance : 339 ft
|
|
Batting: RHB Corey Ottinger
|
0-0: Foul Ball, location: 2F 0-1: Ball 1-1: Swinging Strike 1-2: Foul Ball, location: 2F 1-2: Strikes out swinging
|
|
Batting: RHB Young-kwang Ohnn
|
0-0: Ball 1-0: SOLO HOME RUN (Flyball, 7LD, EV 96.2 MPH), Distance : 360 ft
|
|
Batting: RHB Malik Brookshire
|
0-0: Ball 1-0: Fly out, F7 (Line Drive, 7, EV 92.5 MPH)
|
| Top of the 9th over - 2 runs, 2 hits, 0 errors, 0 left on base; Seattle 8 - Texas 6 |
| BOTTOM OF THE 9TH |
|
Texas Rangers batting - Pitching for Seattle Mariners : RHP William de Jesus
|
|
Batting: LHB Sean Geisler
|
0-0: SINGLE (Groundball, 4M, EV 109.4 MPH) (infield hit)
|
|
Batting: RHB Marc Peckermark
|
0-0: Ball 1-0: Swinging Strike 1-1: Ball 2-1: Called Strike 2-2: Foul Ball, location: 2F 2-2: Foul Ball, location: 2F 2-2: SINGLE (Line Drive, 56D, EV 95.0 MPH) Sean Geisler to second
|
|
Batting: SHB Addick de Vries
|
0-0: Foul Ball, location: 2F 0-1: Ball 1-1: Ball 2-1: Ball 3-1: Base on Balls Sean Geisler to third Marc Peckermark to second
|
|
Batting: RHB Blake Ballard
|
0-0: Ball 1-0: Foul Ball, location: 2F 1-1: Ball 2-1: Foul Ball, location: 2F 2-2: Ball 3-2: SINGLE (Groundball, 34S, EV 76.2 MPH) (infield hit) Sean Geisler scores Marc Peckermark to third Addick de Vries to second
|
|
Pitching: RHP Victor Cervantes
|
|
|
Batting: RHB Butch Kaiser
|
0-0: Ball 1-0: Ball 2-0: Ball 3-0: Called Strike 3-1: Foul Ball, location: 2F 3-2: Fly out, F3 (Popup, 3SF, EV 69.4 MPH)
|
|
Batting: SHB Vince Ealy
|
0-0: Foul Ball, location: 2F 0-1: Swinging Strike 0-2: Foul Ball, location: 2F 0-2: Strikes out looking
|
|
Batting: RHB Zhao-ji Chi
|
0-0: Called Strike 0-1: Ball 1-1: Ball 2-1: Ball 3-1: Foul Ball, location: 2F 3-2: Base on Balls Marc Peckermark scores Addick de Vries to third Blake Ballard to second
|
|
Batting: RHB Ray Llewellyn
|
0-0: Ball 1-0: Foul Ball, location: 2F 1-1: Ball 2-1: Called Strike 2-2: Ball 3-2: Base on Balls Addick de Vries scores Blake Ballard to third Zhao-ji Chi to second
|
| Bottom of the 9th over - 3 runs, 3 hits, 0 errors, 3 left on base; Seattle 8 - Texas 9 |
|